 Dungeon Crawl Stone Soup version 0.20-a0-1126-g0f15420 (webtiles) character file.

77 mopl the Skirmisher (level 4, -9/39 HPs)
             Began as a Demonspawn Wanderer on May 17, 2017.
             Mangled by Wendigo's ghost (15 damage)
             ... on level 3 of the Dungeon.
             The game lasted 00:02:44 (1471 turns).

mopl the Skirmisher (Demonspawn Wanderer)           Turns: 1471, Time: 00:02:44

Health: -9/39      AC:  6    Str: 14    XL:     4   Next: 13%
Magic:  4/4        EV:  9    Int: 14    God:
Gold:   96         SH:  0    Dex: 11    Spells: 3/3 levels left

rFire    + . .     SeeInvis .   b - +0 hand crossbow
rCold    . . .     Gourm    .   (no shield)
rNeg     . . .     Faith    .   q - +0 scale mail
rPois    .         Spirit   .   (helmet restricted)
rElec    .         Reflect  .   (no cloak)
rCorr    .         Harm     .   (no gloves)
MR       .....     Rnd*Tele +   (no boots)
Stlth    ..........             (no amulet)
Regen    0.2/turn               o - ring of teleportation (curse)
MPRegen  0.1/turn               (no ring)

@: no status effects
A: antennae 1, fire resistance 1
a: no special abilities


You were on level 3 of the Dungeon.
You were not hungry.

You visited 1 branch of the dungeon, and saw 3 of its levels.

You collected 96 gold pieces.

Inventory:

Hand Weapons
 a - a +0 hand axe
 b - a +0 hand crossbow (weapon)
 c - a +2 blowgun
Missiles
 d - 31 bolts (quivered)
 f - 2 needles of paralysis
 j - a curare-tipped needle
Armour
 q - a +0 scale mail (worn)
Jewellery
 o - a cursed ring of teleportation (left hand)
Scrolls
 h - 2 scrolls of identify {unknown}
 i - 2 scrolls of amnesia {unknown}
 k - a scroll of magic mapping {unknown}
 r - a scroll of immolation {unknown}
 u - a scroll of enchant weapon {unknown}
 v - a scroll of enchant armour {unknown}
 y - 3 scrolls of remove curse {unknown}
Potions
 e - 2 potions of curing
 l - a potion of lignification {unknown}
 n - a potion of mutation {unknown}
 p - a potion of magic {unknown}
 s - 2 potions of haste {unknown}
 t - a potion of brilliance {unknown}
 w - a potion of invisibility {unknown}
Comestibles
 g - 2 bread rations
 m - 2 royal jellies
 x - a chunk of flesh
 z - a meat ration


   Skills:
 + Level 5.3 Fighting
 * Level 2.3 Axes
 + Level 1.7 Crossbows
 - Level 1.0 Throwing
 + Level 1.8 Armour
   Level 1.0 Evocations


You had 3 spell levels left.
You didn't know any spells.

Dungeon Overview and Level Annotations

Branches:
Dungeon (3/15)

Altars:

Annotations:
D:3 Wendigo's ghost, amateur MiGl


Innate Abilities, Weirdness & Mutations

You have a pair of small antennae on your head.
Your flesh is heat resistant. (rF+)


Message History

Aim: Wendigo's ghost (heavily damaged)
You shoot a bolt. The bolt barely misses Wendigo's ghost.
Wendigo's ghost hits you. Wendigo's ghost misses you.
You are too injured to fight recklessly!
You are too injured to fight recklessly!
You are too injured to fight recklessly!
You see here a frilled lizard corpse.
Wendigo's ghost lets out a mournful wail.
Wendigo's ghost whispers, "Meet the emptiness of death!"
Firing (i - inventory):
d - 32 bolts (quivered)
Press: ? - help, Shift-Dir - straight line, f/p - Wendigo's ghost
Aim: Wendigo's ghost (heavily damaged)
You shoot a bolt. The bolt barely misses Wendigo's ghost.
Wendigo's ghost hits you!
* * * LOW HITPOINT WARNING * * *
Unknown command.
Okay, then.
There is a stone staircase leading up here.
Wendigo's ghost hits you!
You die...

.>
#.#######
#.#.....#
#.#.###.#
#.#.#.#W#
#.#.#..@#.#
#.........#
#.........#
#.........#
#.........#
#...(.....#
#..########
#..# #..#


You could see Wendigo's ghost.

Vanquished Creatures
  2 adders (D:2)
  An ooze (D:2)
  A dart slug (D:1)
  2 leopard geckos (D:1)
  A ball python (D:2)
  3 giant cockroaches (D:2)
  7 goblins
  6 hobgoblins
  3 jackals (D:2)
  5 kobolds
  2 quokkas
  8 bats
  2 frilled lizards
  4 rats (D:1)
47 creatures vanquished.

Notes
Turn   | Place    | Note
-------+----------+-------------------------------------------
     0 | D:1      | mopl the Demonspawn Wanderer began the quest for the Orb.
     0 | D:1      | mopl set off with: a curare-tipped needle, a +2 blowgun, a +0 hand crossbow, 27 bolts, a potion of curing, a +0 robe, a bread ration
     0 | D:1      | Reached XP level 1. HP: 21/21 MP: 1/1
   161 | D:1      | Gained mutation: Your flesh is heat resistant. (rF+) [demonic ancestry]
   161 | D:1      | Reached XP level 2. HP: 19/27 MP: 2/2
   806 | D:2      | Reached XP level 3. HP: 33/33 MP: 3/3
   834 | D:2      | Reached skill level 2 in Axes
  1171 | D:2      | Gained mutation: You have a pair of small antennae on your head. [demonic ancestry]
  1171 | D:2      | Reached XP level 4. HP: 39/39 MP: 4/4
  1439 | D:3      | Noticed Wendigo's ghost (amateur MiGl)
  1471 | D:3      | Mangled by Wendigo's ghost

Vault maps used:
D:1:      dpeg_arrival_snail, roderic_bipointed_swastika
D:3:      serial_glass, glass_columns_c, glass_columns_a, glass_columns_b,
          glass_columns_a

Skill      XL: |  1  2  3 |
---------------+----------+-----
Axes           | 2 |  2.3
Fighting       | |  5.3
Crossbows      | |  1.7
Throwing       | |  1.0
Armour         | |  1.8
Evocations     | |  1.0

Action                   |  1- 3 |  4- 6 || total
-------------------------+-------+-------++-------
Melee: Hand axe          |    95 |       ||    95
 Fire: Hand crossbow     |    22 |    29 ||    51
  Eat: Chunk             |     1 |     1 ||     2
Armor: Robe              |    15 |       ||    15
       Scale mail        |    29 |     2 ||    31
Dodge: Dodged            |    77 |    14 ||    91
